 Dungeon Crawl Stone Soup version 0.24.1 (webtiles) character file.

Game seed: 15911117090713430927, levelgen mode: deterministic

8586 MajorAdolf the Covert (level 11, 0/154 HPs)
             Began as a Naga Wanderer on Apr 4, 2020.
             Was a Priest of Makhleb.
             Slain by a yak (8 damage)
             ... on level 1 of the Lair of Beasts.
             The game lasted 00:27:35 (11695 turns).

MajorAdolf the Covert (Naga Wanderer)              Turns: 11695, Time: 00:27:36

Health: 0/154      AC: 25    Str: 14    XL:     11   Next: 33%
Magic:  16/16      EV:  1    Int: 12    God:    Makhleb [***...]
Gold:   613        SH:  0    Dex: 15    Spells: 14/14 levels left

rFire    . . .     SeeInvis +   t - +3 war axe (chop)
rCold    . . .     Gourm    .   (no shield)
rNeg     + + +     Faith    .   (armour currently unavailable)
rPois    +         Spirit   .   (helmet currently unavailable)
rElec    .         Reflect  .   (cloak currently unavailable)
rCorr    .         Harm     .   (gloves currently unavailable)
MR       +....     NoTele   +   (no barding)
Stlth    ++........             (no amulet)
HPRegen  0.35/turn              i - +5 ring of evasion
MPRegen  0.15/turn              c - ring of flight

@: confused, tree-form
A: large, see invisible, slow metabolism 1, spit poison 1, AC +3
a: Spit Poison, Minor Destruction, Lesser Servant of Makhleb, Renounce Religion


You were on level 1 of the Lair of Beasts.
You worshipped Makhleb.
Makhleb was most pleased with you.
You were not hungry.
You were a tree.
You visited 3 branches of the dungeon, and saw 13 of its levels.

You collected 613 gold pieces.

Inventory:

Hand Weapons
 t - a +3 war axe of chopping (weapon)
Armour
 d - a +3 leather armour (melded)
 h - a +0 pair of gloves
 y - a +0 cloak (melded)
 G - a +2 large shield
 H - the +1 pair of gloves of Erau (melded) {rElec MR+ Str-4 Dex+4}
   (You found it on level 9 of the Dungeon)

   It affects your strength (-4).
   It affects your dexterity (+4).
   It insulates you from electricity.
   It affects your resistance to hostile enchantments.
 L - a +0 helmet (melded)
Magical Staves
 w - an uncursed staff of fire
 I - an uncursed staff of conjuration
Jewellery
 c - a ring of flight (right branch)
 i - a +5 ring of evasion (left branch)
 n - the ring of the Moon {*Tele rF++}
   (You found it on level 4 of the Dungeon)

   [ring of teleportation]

   It may teleport you next to monsters.
   It greatly protects you from fire.
 K - an uncursed ring of ice {unknown}
Wands
 u - a wand of flame (30)
 B - a wand of iceblast (11)
 F - a wand of polymorph (11)
 J - a wand of clouds (6)
Scrolls
 b - 4 scrolls of teleportation
 e - 2 scrolls of fog
 j - a scroll of summoning {unknown}
 k - 6 scrolls of remove curse
 r - 2 scrolls of immolation
 z - 2 scrolls of identify
 E - a scroll of enchant armour
Potions
 a - 3 potions of cancellation
 g - 2 potions of might
 l - 3 potions of magic
 m - a potion of lignification
 o - a potion of invisibility
 p - 4 potions of curing
 q - 2 potions of flight
 s - 3 potions of brilliance
 v - 2 potions of ambrosia
 x - 2 potions of mutation {unknown}
 A - 3 potions of agility
 C - a potion of berserk rage {unknown}
Comestibles
 f - 14 rations
 D - 5 chunks of flesh


   Skills:
 + Level 7.8 Fighting
 + Level 8.6 Axes
 + Level 6.2 Dodging
 + Level 11.6 Stealth
 + Level 3.0 Shields
 - Level 2.0 Spellcasting
   Level 2.0 Necromancy
   Level 1.0 Earth Magic
 + Level 7.1 Invocations


You had 14 spell levels left.
You didn't know any spells.
Your spell library contained the following spells:

 Spells                   Type           Power        Failure   Level  Hunger
 Animate Skeleton         Necr           N/A          12%         1    ##.....
 Apportation              Tloc           #.....       26%         1    ##.....
 Confusing Touch          Hex            #.....       26%         1    ##.....
 Magic Dart               Conj           #...         26%         1    ##.....
 Summon Small Mammal      Summ           #...         26%         1    ##.....
 Ensorcelled Hibernation  Hex/Ice        #.....       38%         2    ###....
 Searing Ray              Conj           #.....       38%         2    ###....
 Throw Frost              Conj/Ice       #.....       38%         2    ###....
 Dazzling Spray           Conj/Hex       #.....       63%         3    ####...
 Force Lance              Conj/Tloc      #.......     95%         4    #####..
 Fulminant Prism          Conj/Hex       #.........   95%         4    #####..
 Iskenderun's Mystic Bla  Conj           #.......     95%         4    #####..


Dungeon Overview and Level Annotations

Branches:
Dungeon (11/15)            Temple (1/1) D:5            Lair (1/6) D:8
    Orc: D:9-12

Altars:
Ashenzari
Cheibriados
Dithmenos
Elyvilon
Fedhas
Gozag
Hepliaklqana
Kikubaaqudgha
Makhleb
Nemelex Xobeh
Okawaru
Qazlal
Ru
Sif Muna
Trog
Uskayaw
Vehumet
Wu Jian
Xom
Yredelemnul
Zin
The Shining One

Annotations:
D:10 exclusion: 2 wraiths
Lair:1 exclusion: hydra


Innate Abilities, Weirdness & Mutations

You cannot wear boots.
((Your serpentine skin is tough. (AC +3)))
You have supernaturally acute eyesight. (SInv)
((Armour fits poorly on your strangely shaped body.))
((Your system is resistant to poisons. (rPois)))
((You cover ground very slowly.))
You have a slow metabolism.
You can spit poison.


Message History

The yak gores you but does no damage.
The blink frog hits you but does no damage.
The yak gores you but does no damage.
Unknown command.
You cannot move. (Use ctrl+direction or * direction to attack without moving.)
You cannot move. (Use ctrl+direction or * direction to attack without moving.)
You cannot move. (Use ctrl+direction or * direction to attack without moving.)
You miss the yak.
The yak is moderately wounded.
You closely miss the blink frog. You miss the yak. The yak gores you!
* * * LOW HITPOINT WARNING * * *
The blink frog hits you!
* * * LOW HITPOINT WARNING * * *
The yak gores you but does no damage. The yak gores you!
* * * LOW HITPOINT WARNING * * *
You hit the blink frog. You slash the yak! You barely miss the yak.
The blink frog hits you!
* * * LOW HITPOINT WARNING * * *
The blink frog blinks! x2; The yak gores you!
You die...

...... ..# ...... ##..
#...... #... .......
#..# ..F.... #..#
....... #..# ####.......
#..## #.#Y§# ###...#
###♣Y#### ......#
######.F####.###
####..###..............#
# ###÷.##..F..........##
##.................##
###................## ##
##................### .#
#.#.................# .#
###................####


You could see 2 yaks and 3 blink frogs.

Vanquished Creatures
  An unseen horror (D:10)
  A centaur zombie (D:9)
  A spiny frog (Lair:1)
  A spriggan (D:8)
  12 yaks
  A basilisk (D:8)
  A hungry ghost (D:9)
  3 water moccasins
  5 ice beasts
  A black bear (D:8)
  4 orc warriors
  2 sky beasts
  2 eyes of draining
  A phantom (D:5)
  6 ogres
  3 centaurs
  5 wolves (Lair:1)
  A big kobold (D:10)
  6 bullfrogs
  A scorpion (D:5)
  8 killer bees
  5 wights (D:9)
  2 howler monkeys
  2 crimson imps (D:6)
  2 hounds (D:6)
  2 jellies
  A quasit (D:6)
  3 orc priests
  Crazy Yiuf (D:2)
  5 bullfrog skeletons
  3 iguanas
  10 orc wizards
  4 worker ants
  A worker ant zombie (D:5)
  7 gnolls (D:5)
  2 howler monkey skeletons
  16 adders
  3 shadow imps
  A worm (D:3)
  2 dart slugs
  2 leopard geckos
  31 orcs
  6 ball pythons
  3 giant cockroaches
  8 goblins
  5 hobgoblins (D:1)
  6 jackals
  7 quokkas
  7 bats
  7 frilled lizards
  A jackal zombie (D:6)
  13 kobolds
  A leopard gecko zombie (D:5)
  9 rats
  A butterfly (D:5)
245 creatures vanquished.

Vanquished Creatures (others)
  A swamp worm (D:8)
  A centaur (D:8)
  3 plants (D:8)
5 creatures vanquished.

Grand Total: 250 creatures vanquished

Notes
Turn   | Place    | Note
-------+----------+-------------------------------------------
     0 | D:1      | MajorAdolf the Naga Wanderer began the quest for the Orb.
     0 | D:1      | MajorAdolf set off with the following items: a +0 club, a
                  | scroll of teleportation, a +2 leather armour, a +0 dagger,
                  | a ration; and the following spells available to memorise:
                  | Ensorcelled Hibernation, Throw Frost
     0 | D:1      | Reached XP level 1. HP: 18/18 MP: 3/3
   118 | D:1      | Reached XP level 2. HP: 25/25 MP: 5/5
   878 | D:1      | Reached XP level 3. HP: 28/32 MP: 6/6
   882 | D:1      | Reached skill level 1 in Axes
  1462 | D:2      | Found a blossoming altar of Fedhas.
  1494 | D:2      | Reached XP level 4. HP: 30/39 MP: 7/7
  2022 | D:2      | Found a runed translucent door.
  2023 | D:2      | Noticed Crazy Yiuf
  2516 | D:3      | Reached XP level 5. HP: 44/46 MP: 8/8
  3179 | D:3      | Reached skill level 4 in Stealth
  3203 | D:3      | Reached XP level 6. HP: 14/55 MP: 9/9
  4264 | D:4      | Got a fine platinum ring
  4675 | D:5      | Entered Level 5 of the Dungeon
  4699 | D:5      | Noticed an ice beast
  4703 | D:5      | Reached XP level 7. HP: 62/62 MP: 10/10
  4706 | D:5      | Reached skill level 5 in Axes
  4710 | D:5      | Reached skill level 5 in Stealth
  4839 | D:2      | Killed Crazy Yiuf
  4932 | D:4      | Identified the ring of the Moon {*Tele rF++} (You found it
                  | on level 4 of the Dungeon)
  5190 | D:5      | Found a staircase to the Ecumenical Temple.
  5230 | Temple   | Entered the Ecumenical Temple
  5460 | Temple   | Became a worshipper of Makhleb the Destroyer
  5597 | D:5      | Reached skill level 6 in Stealth
  5620 | D:5      | Reached skill level 1 in Invocations
  5620 | D:5      | Reached XP level 8. HP: 70/72 MP: 11/11
  6034 | D:6      | Reached * piety under Makhleb
  6165 | D:6      | Reached skill level 7 in Stealth
  6594 | D:6      | Reached skill level 5 in Fighting
  6681 | D:6      | Reached XP level 9. HP: 51/81 MP: 12/12
  6682 | D:6      | Reached skill level 8 in Stealth
  7322 | D:7      | Found a glowing golden altar of the Shining One.
  7323 | D:7      | Found a glowing silver altar of Zin.
  7323 | D:7      | Found a hide-covered altar of Uskayaw.
  7327 | D:7      | Found a shadowy altar of Dithmenos.
  7327 | D:7      | Found a hazy altar of Hepliaklqana.
  7329 | D:7      | Found an opulent altar of Gozag.
  7329 | D:7      | Found a shimmering blue altar of Sif Muna.
  7332 | D:7      | Found a snail-covered altar of Cheibriados.
  7573 | D:7      | Found a radiant altar of Vehumet.
  8018 | D:8      | Found a bloodstained altar of Trog.
  8031 | D:8      | Reached skill level 9 in Stealth
  8188 | D:8      | Reached ** piety under Makhleb
  8357 | D:8      | Noticed an elephant
  8402 | D:9      | Reached skill level 5 in Invocations
  8455 | D:9      | Reached XP level 10. HP: 89/92 MP: 13/13
  8574 | D:9      | Reached skill level 5 in Dodging
  8629 | D:9      | Reached skill level 10 in Stealth
  8768 | D:9      | Got a pair of jewelled gloves
  8779 | D:9      | Identified the +1 pair of gloves of Erau {rElec MR+ Str-4
                  | Dex+4} (You found it on level 9 of the Dungeon)
  9094 | D:10     | Entered Level 10 of the Dungeon
  9531 | D:10     | Noticed an unseen horror
  9571 | D:10     | Killed an unseen horror
  9869 | D:10     | Reached skill level 11 in Stealth
 10081 | D:11     | Noticed a purple ugly thing
 10109 | D:10     | Reached XP level 11. HP: 36/100 MP: 14/16
 10401 | D:8      | HP: 2/100 [elephant (14)]
 10433 | D:8      | Found a staircase to the Lair.
 11224 | Lair:1   | Entered Level 1 of the Lair of Beasts
 11234 | Lair:1   | Reached *** piety under Makhleb
 11418 | Lair:1   | Noticed a four-headed hydra
 11695 | Lair:1   | Slain by a yak

Levels and vault maps discovered:
D:1:      dpeg_arrival_subterranean_lakeside_camping, layout_loops_corners
D:2:      layout_basic, fedhas_altar_3, serial_bayou, serial_bayou_pond_e,
          serial_bayou_lagoon_a, serial_bayou_crossing, serial_bayou_shore_b,
          uniq_crazy_yiuf_cottage
D:3:      layout_rooms
D:4:      layout_basic, first_ration, grunt_ministairs_10,
          ebering_dispersal_statue_hall
D:5:      layout_loops_cross, minmay_temple_entry_butterflies
D:6:      layout_basic
D:7:      layout_cave_pools, grunt_temple_overflow_open, vehumet_crystals
D:8:      layout_rooms, bloody_trog, david_lair_generic, the_bakery,
          worms_lemuel
D:9:      layout_roguey, minmay_fractal_squares_diagonal_5
D:10:     layout_rooms, minmay_guarded_unrand_finisher
D:11:     cheibrodos_fzero, layout_basic, ebering_ghost_gozag,
          eino_small_chamber_without_monster
Temple:   minmay_temple_curvy_loop
Lair:1:   layout_cave_pods

Skill      XL: |  1  2  3  4  5  6  7  8  9 10 11 |
---------------+----------------------------------+-----
Fighting       | 2 3 4 5 6 7 |  7.8
Axes           | 2 3 4 5 6 7 8 |  8.6
Stealth        | 4 6 7 9 11 | 11.6
Dodging        | 2 3 4 5 6 |  6.2
Invocations    | 1 3 5 6 7 |  7.1
Shields        | 2 3 |  3.0
Spellcasting   | |  2.0
Necromancy     | |  2.0
Earth Magic    | |  1.0

Action                   |  1- 3 |  4- 6 |  7- 9 | 10-12 || total
-------------------------+-------+-------+-------+-------++-------
Melee: Dagger            |    32 |       |       |       ||    32
       Hand axe          |    47 |    45 |       |       ||    92
       War axe           |       |   102 |   316 |   323 ||   741
Invok: Minor Destruction |       |       |       |    11 ||    11
 Abil: Spit Poison       |    23 |    23 |    11 |     5 ||    62
  Use: Scroll            |       |    12 |     7 |     7 ||    26
       Potion            |       |     1 |       |     7 ||     8
 Stab: Sleeping          |     2 |     3 |     9 |     8 ||    22
       Distracted        |       |       |     2 |     1 ||     3
  Eat: Chunk             |     2 |     9 |    10 |     7 ||    28
       Ration            |       |       |     2 |     1 ||     3
Armor: Leather armour    |    34 |    53 |    95 |   102 ||   284
       Skin              |       |       |       |    10 ||    10
Dodge: Dodged            |    38 |    85 |   274 |   373 ||   770
Block: Large shield      |       |       |       |     1 ||     1
